 Dungeon Crawl Stone Soup version 0.23-b1-6-ga921848b48 (webtiles) character file.

Game seed: 1743986873907447656

783 Infinimo the Digger (level 7, -3/36 HPs)
             Began as a Gargoyle Earth Elementalist on Feb 2, 2019.
             Splashed by an oklob sapling's acid (14 damage)
             ... on level 4 of the Dungeon.
             The game lasted 00:07:24 (5711 turns).

Infinimo the Digger (Gargoyle Earth Elementalist)   Turns: 5711, Time: 00:07:25

Health: -3/36      AC:  7    Str: 12    XL:     7   Next: 86%
Magic:  13/13      EV: 12    Int: 17    God:
Gold:   211        SH:  0    Dex: 10    Spells: 10/14 levels left

rFire    . . .     SeeInvis .   n - +2 dagger (venom)
rCold    . . .     Gourm    .   (no shield)
rNeg     + . .     Faith    .   c - +0 robe
rPois    ∞         Spirit   .   j - +0 helmet
rElec    +         Reflect  .   (no cloak)
rCorr    .         Harm     .   (no gloves)
MR       .....     Rnd*Tele +   (no boots)
Stlth    ++........             (no amulet)
HPRegen  0.12/turn              l - ring of teleportation
MPRegen  0.13/turn              (no ring)

@: no status effects
A: negative energy resistance 1, electricity resistance, unbreathing,
petrification resistance, rot immunity, AC +4
a: no special abilities


You were on level 4 of the Dungeon.
You were very hungry.

You visited 1 branch of the dungeon, and saw 4 of its levels.

You collected 211 gold pieces.

Inventory:

Hand Weapons
 n - a +2 dagger of venom (weapon)
Missiles
 b - 44 stones (quivered)
Armour
 c - a +0 robe (worn)
 j - a +0 helmet (worn)
Jewellery
 i - a +3 ring of dexterity {unknown}
 l - a ring of teleportation (left hand)
Wands
 q - a wand of iceblast (11)
Scrolls
 e - a scroll of enchant weapon
 f - 4 scrolls of identify
 g - a scroll of enchant armour {unknown}
 m - a scroll of immolation
 p - a scroll of remove curse
 r - a scroll of magic mapping {unknown}
Potions
 a - 2 potions of agility {unknown}
 h - a potion of degeneration
 k - 2 potions of curing
Comestibles
 d - 3 rations


   Skills:
 - Level 1.5 Dodging
 - Level 2.1 Stealth
 + Level 4.3 Spellcasting
 * Level 5.6 Conjurations
   Level 0.7 Transmutations
 + Level 7.0 Earth Magic


You had 10 spell levels left.
You knew the following spells:

 Your Spells              Type           Power        Failure   Level  Hunger
a - Sandblast             Erth           ####..       1%          1    None
b - Stone Arrow           Conj/Erth      ####..       3%          3    ###....

Your spell library contained the following spells:

 Spells                   Type           Power        Failure   Level  Hunger
 Passwall                 Tmut/Erth      ###.....     4%          2    ##.....
 Lee's Rapid Deconstruct  Erth           ####......   24%         5    ######.
 Petrify                  Tmut/Erth      ###.....     30%         4    ####...


Dungeon Overview and Level Annotations

Branches:
Dungeon (4/15)             Temple (0/1) D:4

Altars:
Kikubaaqudgha
Okawaru

Annotations:
D:4 2 transporters, exclusion: oklob sapling, Shada's ghost, weakling DsCK


Innate Abilities, Weirdness & Mutations

You are resistant to torment.
Your stone body is resilient. (AC +4)
You are immune to poison.
You resist negative energy. (rN+)
You are resistant to electric shocks. (rElec)
You can survive without breathing.
You are immune to petrification.
You are immune to rotting.


Message History

The plant is poisoned.
You are feeling very hungry.
The plant looks even sicker.
The plant looks as sick as possible!
The plant looks as sick as possible!
The plant looks as sick as possible!
The plant looks as sick as possible!
The plant looks as sick as possible!
The plant is almost destroyed.
The plant is almost destroyed.
The plant looks as sick as possible!
The plant is almost destroyed.
The plant is almost destroyed.
You destroy the plant!
The oklob sapling spits acid at you. The splash of acid hits you!
You are splashed with acid!
The oklob sapling is poisoned.
The oklob sapling spits acid at you. The splash of acid hits you!
You are splashed with acid!
You die...

#.###.# #.#..# #.#..
#.# #.# #....# #.#..
#.# #.# ###..# #.#..
#.#
#.#####..#######.#..
#.#
#................#..
#.#
######..#...........
#.#
#..P......)##.##..
##.##
#P.PPP.P.####.....
#...####@.P.PP..#
#####.
#.......PPP>.P..# #.
#...####PPPP.PP.# #.
##### #.P.PPP.## #.
#..PP..P# ######.
#..##..## #......
##.....# #.####.
#..##.# #.# #. #..#
# #^# #.


You could see an oklob sapling.

Vanquished Creatures
  A phantom (D:4)
  A bullfrog (D:4)
  A scorpion (D:4)
  An orc priest (D:4)
  4 orc wizards
  Terence (D:3)
  Natasha (twice) (D:3)
  2 worker ants (D:4)
  Robin (D:3)
  9 adders
  7 gnolls
  An ooze (D:4)
  2 adder skeletons (D:4)
  A worm (D:4)
  A dart slug (D:1)
  2 leopard geckos
  29 orcs
  8 bats
  4 giant cockroaches
  9 hobgoblins
  10 jackals
  A quokka (D:3)
  3 ball pythons
  5 frilled lizards
  16 goblins
  7 kobolds
  10 rats
  A plant (D:4)
140 creatures vanquished.

Notes
Turn   | Place    | Note
-------+----------+-------------------------------------------
     0 | D:1      | Infinimo the Gargoyle Earth Elementalist began the quest
                  | for the Orb.
     0 | D:1      | Reached XP level 1. HP: 10/10 MP: 3/3
   115 | D:1      | Reached skill level 4 in Earth Magic
   200 | D:1      | Reached XP level 2. HP: 15/15 MP: 3/5
  1432 | D:1      | Reached XP level 3. HP: 12/19 MP: 2/6
  1727 | D:2      | Reached skill level 5 in Earth Magic
  2036 | D:2      | Reached XP level 4. HP: 19/24 MP: 5/8
  2433 | D:2      | Learned a level 3 spell: Stone Arrow
  2530 | D:2      | Reached skill level 1 in Conjurations
  2974 | D:3      | Noticed Terence
  3050 | D:3      | Reached XP level 5. HP: 28/28 MP: 9/9
  3143 | D:3      | Killed Terence
  3373 | D:3      | Noticed Robin
  3595 | D:3      | Reached XP level 6. HP: 24/32 MP: 10/10
  3606 | D:3      | Killed Robin
  3625 | D:3      | Found an iron altar of Okawaru.
  3794 | D:3      | Noticed Natasha
  3802 | D:3      | Killed Natasha
  3802 | D:3      | Reached skill level 6 in Earth Magic
  3871 | D:3      | Noticed Natasha
  3882 | D:3      | Killed Natasha
  4509 | D:4      | Found an ancient bone altar of Kikubaaqudgha.
  4568 | D:4      | Found a staircase to the Ecumenical Temple.
  4619 | D:4      | Reached XP level 7. HP: 36/36 MP: 6/12
  4936 | D:4      | Reached skill level 5 in Conjurations
  5045 | D:4      | Found a transporter.
  5046 | D:4      | Found a transporter.
  5075 | D:4      | Noticed Shada's ghost (weakling DsCK)
  5276 | D:4      | Reached skill level 7 in Earth Magic
  5711 | D:4      | Splashed by an oklob sapling's acid

Skill      XL: |  1  2  3  4  5  6  7 |
---------------+----------------------+-----
Earth Magic    | 4 5 6 7 |  7.0
Conjurations   | 1 2 4 5 |  5.6
Spellcasting   | 3 4 |  4.3
Dodging        | |  1.5
Stealth        | |  2.1
Transmutations | |  0.7

Action                   |  1- 3 |  4- 6 |  7- 9 || total
-------------------------+-------+-------+-------++-------
Melee: Club              |   115 |    16 |       ||   131
       Dagger            |       |   284 |    73 ||   357
 Cast: Sandblast         |    20 |    25 |    41 ||    86
  Use: Scroll            |       |    10 |       ||    10
       Potion            |       |     1 |       ||     1
 Stab: Sleeping          |     3 |     2 |       ||     5
       Distracted        |       |     1 |       ||     1
  Eat: Chunk             |     4 |     9 |     2 ||    15
Armor: Robe              |    39 |   110 |    15 ||   164
Dodge: Dodged            |    91 |   230 |    25 ||   346
